 Dungeon Crawl Stone Soup version 0.31-a0-986-g5e6e4ef867 (webtiles) character file.

Game seed: 15577822997091266354

137 Danienth the Insei (level 5, 0/41 HPs)
             Began as a Demonspawn Shapeshifter on Nov 8, 2023.
             Was a Follower of Yredelemnul.
             Slain by a cerulean imp
             ... wielding a +1 spear
             ... summoned by Natasha
              (1 damage)
             ... on level 3 of the Dungeon.
             The game lasted 00:06:36 (2918 turns).

Danienth the Insei (Demonspawn Shapeshifter)        Turns: 2918, Time: 00:06:38

Health: 0/41       AC:  0    Str: 14    XL:     5   Next: 0%
Magic:  5/5        EV: 14    Int: 12    God:    Yredelemnul [*.....]
Gold:   158        SH:  0    Dex: 14    Spells: 4/4 levels left

rFire   . .          .
                       - Unarmed
rCold   . . .        (shield currently unavailable)
rNeg    . . .        a - melded +0 animal skin
rPois   .            (helmet currently unavailable)
rElec   .            (cloak currently unavailable)
rCorr   .            (gloves currently unavailable)
SInv    .            (boots currently unavailable)
Will    .....        (no amulet)
Stlth   +            k - melded +6 ring of dexterity
HPRegen 0.26/turn    (ring currently unavailable)
MPRegen 0.09/turn

%: no passive effects
@: pig-form, very quick
A: fast, no casting, small, foul stench 1, (weakness stinger 2)
a: Renounce Religion, Recall Undead Harvest


You were on level 3 of the Dungeon.
You worshipped Yredelemnul.
Yredelemnul was noncommittal.
You were a filthy swine.
You visited 1 branch of the dungeon, and saw 3 of its levels.

You collected 158 gold pieces.

Inventory:

Missiles
 h - 4 javelins
 n - 2 poisoned darts
Armour
 a - a +0 animal skin (melded)
Magical Staves
 t - a staff of cold
Jewellery
 k - a +6 ring of dexterity (melded)
 m - a ring of flight
Talismans
 c - a beast talisman
 d - a flux talisman
Scrolls
 g - a scroll of poison {unknown}
 i - a scroll of fog
 j - 2 scrolls of vulnerability {unknown}
 l - a scroll of amnesia {unknown}
 p - a scroll of teleportation {unknown}
 q - a scroll of brand weapon {unknown}
 r - a scroll of enchant weapon {unknown}
 u - a scroll of identify
Potions
 b - a potion of lignification
 e - 2 potions of brilliance
 f - a potion of cancellation
 o - 2 potions of curing
 s - a potion of berserk rage {unknown}


   Skills:
 * Level 3.1 Fighting
 - Level 2.0 Dodging
 * Level 3.9 Unarmed Combat
 - Level 3.1 Shapeshifting


You had 4 spell levels left.
You didn't know any spells.
Your spell library contained the following spells:

 Spells                   Type           Power      Damage    Failure   Level
 Blink                    Tloc           0%         N/A       45%         2
 Lesser Beckoning         Tloc           0%         N/A       45%         2
 Momentum Strike          Conj/Tloc      0%         3d8       45%         2


Dungeon Overview and Level Annotations

Branches:
Dungeon (3/15)

Altars:
Cheibriados
Yredelemnul

Annotations:
D:3 Natasha


Innate Abilities, Weirdness & Mutations

You are a filthy swine.
You move quickly.
Your equipment is almost entirely melded.
You are incapable of wielding weapons or throwing items.
You cannot cast spells.
You may rarely emit foul miasma when damaged in melee.
((You have a tail ending in a sharp stinger.))


Message History

You hit Natasha but do no damage.
Natasha is lightly wounded.
The cerulean imp hits you with a +1 spear.
Your adder zombie bites Natasha.
Natasha closely misses you.
The cerulean imp hits you from afar with a +2 spear!
You barely miss Natasha.
Natasha is moderately wounded.
Your wight disappears in a puff of smoke!
The cerulean imp barely misses you.
Your adder zombie barely misses Natasha.
Natasha claws you! The cerulean imp misses you.
You are too injured to fight recklessly!
You are too injured to fight recklessly!
Unknown command.
You are too injured to fight recklessly!
You are too injured to fight recklessly!
Bite: -) Teeth
Press: ? - help, Dir - move target, f - Natasha
Aim: Natasha, carrying a wand of polymorph (moderately wounded, ally target, about 49% to evade your front trotters)
You hit Natasha but do no damage.
Natasha is moderately wounded.
The cerulean imp hits you with a +1 spear.
* * * LOW HITPOINT WARNING * * *
Your adder zombie barely misses Natasha.
Your kobold zombie barely misses Natasha.
Natasha claws you.
* * * LOW HITPOINT WARNING * * *
The cerulean imp hits you from afar with a +2 spear.
* * * LOW HITPOINT WARNING * * *
You swap places.
Your hobgoblin zombie hits the cerulean imp but does no damage.
The cerulean imp misses you.
Your adder zombie bites Natasha.
Natasha claws Natasha!
Natasha misses Natasha.
Your kobold zombie barely misses Natasha.
Your hobgoblin zombie hits the cerulean imp.
Your adder zombie bites Natasha.
Your goblin zombie closely misses the cerulean imp.
The cerulean imp hits you from afar with a +1 spear.
You die...
Your body rises from the dead as a mindless zombie.

...... ..........#..z# #...
#......)...Z##
#..##########..##...zZ.
#.#####......ZZ...........Z##
###...........#######>....#####
......####......(######.....#...Z
..###..#......hZ5...........#.Z8.
..........#...ZZZZ.......#.##.8##
..............5Zh..........##..#
#................ยง........###8Z#
#........................####Z.#
...........................#...##
#...............................#
......_.....#.##....)....########
#..............#.....##.##
.............#......###.#
#####.....#.###..#### #.#


You could see Natasha (ally target), 2 cerulean imps, a friendly adder zombie, a
friendly endoplasm zombie, a friendly goblin zombie, a friendly hobgoblin
zombie, a friendly kobold zombie and the friendly Natasha the felid zombie.

Vanquished Creatures
  Natasha (twice) (D:3)
  2 adders (D:3)
  4 dart slugs
  4 ball pythons (D:1)
  2 bats
  3 endoplasms
  4 giant cockroaches (D:1)
  3 hobgoblins
  3 jackals (D:2)
  3 frilled lizards (D:1)
  5 goblins
  6 kobolds
  4 rats
45 creatures vanquished.

Vanquished Creatures (collateral kills)
  An adder (D:2)
  An endoplasm (D:2)
  2 goblins
  A hobgoblin (D:3)
  A bat (D:2)
  A frilled lizard (D:2)
  A rat (D:2)
8 creatures vanquished.

Vanquished Creatures (others)
  An adder zombie (D:2)
1 creature vanquished.

Grand Total: 54 creatures vanquished

Notes
Turn   | Place    | Note
-------+----------+-------------------------------------------
     0 | D:1      | Danienth the Demonspawn Shapeshifter began the quest for
                  | the Orb.
     0 | D:1      | Reached XP level 1. HP: 15/15 MP: 1/1
   316 | D:1      | Gained mutation: You may rarely emit foul miasma when
                  | damaged in melee. [demonic ancestry]
   316 | D:1      | Reached XP level 2. HP: 21/21 MP: 2/2
   623 | D:1      | Reached XP level 3. HP: 27/27 MP: 3/3
   970 | D:2      | Found a faded altar of an unknown god.
   977 | D:2      | Prayed at the altar of an unknown god.
   977 | D:2      | Became a worshipper of Yredelemnul the Dark
   977 | D:2      | Reached * piety under Yredelemnul
  1535 | D:2      | Reached ** piety under Yredelemnul
  2199 | D:3      | Gained mutation: You have a small tail. [demonic ancestry]
  2199 | D:3      | Reached XP level 4. HP: 27/34 MP: 4/4
  2333 | D:3      | Found a snail-covered altar of Cheibriados.
  2418 | D:3      | Noticed Natasha
  2425 | D:3      | Killed Natasha
  2802 | D:3      | Noticed Natasha
  2816 | D:3      | Killed Natasha
  2817 | D:3      | Gained mutation: You have a tail ending in a sharp stinger.
                  | [demonic ancestry]
  2817 | D:3      | Reached XP level 5. HP: 26/41 MP: 5/5
  2908 | D:3      | Noticed Natasha
  2916 | D:3      | HP: 1/41 [cerulean imp/+2 spear[Natasha] (2)]
  2918 | D:3      | Slain by a cerulean imp

Illustrated notes

Levels and vault maps discovered:
D:1:      dpeg_arrival_prison, layout_basic
D:2:      layout_rooms, nicolae_ecumenical_pavilion
D:3:      layout_rooms, nicolae_ru_awakened_eye, cheibriados_altar_1,
          mainiacjoe_overflow_brackets, chequers_decorated_corner, uniq_natasha

Skill      XL: |  1  2  3  4 |
---------------+-------------+-----
Unarmed Combat | 3 |  3.9
Dodging        | 2 |  2.0
Fighting       | 2 3 |  3.1
Shapeshifting  | 3 |  3.1

Action                     |  1- 3 |  4- 6 || total
---------------------------+-------+-------++-------
  Melee: Unarmed           |   101 |    32 ||   133
         Punch             |     2 |       ||     2
         Tailslap          |       |     1 ||     1
 Invoke: Dark Bargain      |       |     1 ||     1
    Use: Scroll            |     4 |       ||     4
   Stab: Sleeping          |     3 |       ||     3
         Distracted        |     1 |     2 ||     3
 Armour: Animal skin       |    47 |    18 ||    65
         Skin              |       |     9 ||     9
  Dodge: Dodged            |    50 |    17 ||    67

Table legend: (Time is in decaauts)
 A = Elapsed time spent in this place.
 B = Non-inter-level travel time spent in this place.
 C = Inter-level travel time spent in this place.
 D = Time resting spent in this place.
 E = Time spent auto-exploring this place.
 F = Levels seen in this place.
 G = Mean time per level.
                   A        B        C        D        E       F      G
               +--------+--------+--------+--------+--------+-----+--------+
         Total |   2915 |   2710 |    205 |   1276 |   1091 |   3 |  971.7 |
       Dungeon |   2915 |   2710 |    205 |   1276 |   1091 |   3 |  971.7 |
               +--------+--------+--------+--------+--------+-----+--------+

Top non-repeatable levels by time:
     D:2: 1117 daAuts
     D:1: 1033 daAuts
     D:3: 764 daAuts
